 Dungeon Crawl Stone Soup version 0.27-a0-1078-g0d77da13b5 (webtiles) character file.

Game seed: 16594017376423685988

102 Cupidatis the Digger (level 4, -3/26 HPs)
             Began as a Gargoyle Earth Elementalist on Apr 25, 2021.
             Killed from afar by Ijyb (9 damage)
             ... with a puff of flame
             ... on level 3 of the Dungeon.
             The game lasted 00:08:34 (2499 turns).

Cupidatis the Digger (Gargoyle Earth Elementalist)  Turns: 2499, Time: 00:08:35

Health: -3/26      AC:  6    Str: 12    XL:     4   Next: 78%
Magic:  0/8        EV: 15    Int: 16    God:
Gold:   52         SH:  0    Dex: 10    Spells: 4/8 levels left

rFire    . . .     SeeInvis .   a - +4 dagger
rCold    + . .     Faith    .   (no shield)
rNeg     + . .     Spirit   .   j - +1 robe {rC+}
rPois    ∞         Reflect  .   (no helmet)
rElec    +         Harm     .   (no cloak)
rCorr    .         Rampage  .   (no gloves)
Will     .....                  (no boots)
Stlth    ++........             (no amulet)
HPRegen  0.08/turn              c - +4 ring of evasion
MPRegen  0.11/turn              (no ring)

@: no status effects
A: AC +3, negative energy resistance 1, electricity resistance, torment
resistance 1, unbreathing 1, petrification resistance
a: no special abilities


You were on level 3 of the Dungeon.
You visited 1 branch of the dungeon, and saw 3 of its levels.

You collected 52 gold pieces.

Inventory:

Hand Weapons
 a - a +4 dagger (weapon)
 i - a +2 dagger of holy wrath
Missiles
 b - 30 stones
Armour
 j - a +1 robe of cold resistance (worn)
Jewellery
 c - a +4 ring of evasion (left hand)
 d - an amulet of guardian spirit
Potions
 e - a potion of magic {unknown}
 k - a potion of haste


   Skills:
 + Level 2.1 Fighting
 - Level 1.5 Dodging
 - Level 2.1 Stealth
 + Level 2.7 Spellcasting
 * Level 2.1 Conjurations
 - Level 0.7 Transmutations
 + Level 4.4 Earth Magic


You had 4 spell levels left.
You knew the following spells:

 Your Spells              Type           Power      Damage    Failure   Level
a - Sandblast             Erth           32%        2d9       3%          1
b - Stone Arrow           Conj/Erth      24%        3d8       16%         3

Your spell library contained the following spells:

 Spells                   Type           Power      Damage    Failure   Level
 Passwall                 Tmut/Erth      8%         N/A       10%         2
 Petrify                  Tmut/Erth      10%        N/A       54%         4
 Lee's Rapid Deconstruct  Erth           8%         3d8*      65%         5


Dungeon Overview and Level Annotations

Branches:
Dungeon (3/15)

Altars:
Fedhas

Shops:
D:1 =

Annotations:
D:3 Ijyb


Innate Abilities, Weirdness & Mutations

Your stone body is resilient. (AC +3)
You are immune to poison.
You resist negative energy. (rN+)
You are resistant to electric shocks. (rElec)
You are resistant to unholy torment.
You can survive without breathing.
You are immune to petrification.


Message History

You closely miss Ijyb.
Ijyb is heavily wounded.
Ijyb hits you with a +0 dagger.
Casting: Sandblast (safe; 3% risk of failure)
Confirm with . or Enter, or press ? or * to list all spells.
Aiming: Sandblast (safe; 3% risk of failure)
Press: ? - help, Shift-Dir - straight line, f/p - Ijyb
Aim: Ijyb, wielding a +0 dagger, wearing a +0 chain mail and carrying a wand of flame (15) (heavily wounded, 79% to hit)
The blast of sand hits Ijyb.
Ijyb is heavily wounded.
Ijyb hits you with a +0 dagger.
Press: ? - help, v - describe, . - travel The floor.
Unknown command.
You hit Ijyb but do no damage.
Ijyb is heavily wounded.
Ijyb closely misses you.
You hit Ijyb but do no damage.
Ijyb is heavily wounded.
Ijyb hits you with a +0 dagger.
You hit Ijyb but do no damage.
Ijyb is heavily wounded.
Ijyb hits you with a +0 dagger.
You hit Ijyb.
Ijyb is severely wounded.
Ijyb zaps a wand.
The puff of flame hits you!
* * * LOW HITPOINT WARNING * * *
Press: ? - help, v - describe, . - travel
Here: Ijyb, wielding a +0 dagger, wearing a +0 chain mail and carrying a wand of flame (14) (severely wounded)
An open door.
Casting: Sandblast (safe; 3% risk of failure)
Confirm with . or Enter, or press ? or * to list all spells.
Aiming: Sandblast (safe; 3% risk of failure)
Press: ? - help, Shift-Dir - straight line, f/p - Ijyb
Aim: Ijyb, wielding a +0 dagger, wearing a +0 chain mail and carrying a wand of flame (14) (severely wounded, 79% to hit)
The blast of sand misses Ijyb.
Ijyb zaps a wand.
The puff of flame hits you.
* * * LOW HITPOINT WARNING * * *
Ijyb zaps a wand.
The puff of flame hits you!
You die...

#.# #####'#### #........#
#........# #........#
#......g.# #........#
#........#
#.......@################
#####....................
####################. #.
#. #. #. ####.
############ #....


You could see Ijyb.

Vanquished Creatures
  A hound (D:2)
  An adder (D:2)
  A worm (D:2)
  A dart slug (D:1)
  4 endoplasms
  4 giant cockroaches
  5 goblins
  3 hobgoblins
  10 jackals
  3 kobolds (D:1)
  A quokka (D:1)
  9 ball pythons (D:1)
  4 bats
  A frilled lizard (D:1)
  3 rats (D:1)
51 creatures vanquished.

Notes
Turn   | Place    | Note
-------+----------+-------------------------------------------
     0 | D:1      | Cupidatis the Gargoyle Earth Elementalist began the quest
                  | for the Orb.
     0 | D:1      | Reached XP level 1. HP: 10/10 MP: 3/3
   185 | D:1      | Found Wozaud's Jewellery Shoppe.
   199 | D:1      | Reached XP level 2. HP: 14/16 MP: 5/5
   283 | D:1      | Reached skill level 1 in Fighting
   289 | D:1      | Reached skill level 4 in Earth Magic
  1193 | D:1      | Reached XP level 3. HP: 18/20 MP: 6/6
  1197 | D:1      | Learned a level 3 spell: Stone Arrow
  1788 | D:2      | Found a faded altar of an unknown god.
  1868 | D:2      | Found a blossoming altar of Fedhas.
  1908 | D:2      | Reached skill level 1 in Conjurations
  2207 | D:2      | Reached XP level 4. HP: 24/26 MP: 7/7
  2476 | D:3      | Noticed Ijyb
  2499 | D:3      | Killed from afar by Ijyb

Illustrated notes

Levels and vault maps discovered:
D:1:      elethiomel_arrival_infinity_welcomes_careful_drivers,
          layout_loops_corners, serial_shops, shop
D:2:      layout_rooms, ebering_ecumenical_altar_petrified, basic_altar
D:3:      layout_basic, uniq_ijyb

Skill      XL: |  1  2  3  4 |
---------------+-------------+-----
Fighting       | 1 2 |  2.1
Earth Magic    | 4 |  4.4
Conjurations   | 1 2 |  2.1
Dodging        | |  1.5
Stealth        | |  2.1
Spellcasting   | |  2.7
Transmutations | |  0.7

Action                   |  1- 3 |  4- 6 || total
-------------------------+-------+-------++-------
Melee: Dagger            |   114 |    17 ||   131
 Cast: Sandblast         |    17 |    13 ||    30
  Use: Scroll            |     2 |     3 ||     5
 Stab: Sleeping          |     1 |       ||     1
Armor: Robe              |    24 |     4 ||    28
Dodge: Dodged            |    89 |    21 ||   110

Table legend: (Time is in decaauts)
 A = Elapsed time spent in this place.
 B = Non-inter-level travel time spent in this place.
 C = Inter-level travel time spent in this place.
 D = Time resting spent in this place.
 E = Time spent auto-exploring this place.
 F = Levels seen in this place.
 G = Mean time per level.
                   A        B        C        D        E       F      G
               +--------+--------+--------+--------+--------+-----+--------+
         Total |   2498 |   2435 |     63 |    809 |   1006 |   3 |  832.7 |
       Dungeon |   2498 |   2435 |     63 |    809 |   1006 |   3 |  832.7 |
               +--------+--------+--------+--------+--------+-----+--------+

Top non-repeatable levels by time:
     D:1: 1790 daAuts
     D:2: 631 daAuts
     D:3: 76 daAuts
